 Dungeon Crawl Stone Soup version 0.31-a0-1082-g7d1fb776a8 (webtiles) character file.

Game seed: 12689864727572945308

1406 kae the Sneak (level 8, -5/58 HPs)
             Began as a Demonspawn Enchanter on Nov 27, 2023.
             Slain by a wolf (9 damage)
             ... on level 8 of the Dungeon.
             The game lasted 00:05:56 (5327 turns).

kae the Sneak (Demonspawn Enchanter)                Turns: 5327, Time: 00:05:57

Health: -5/58      AC:  3    Str:  9    XL:     8   Next: 42%
Magic:  13/13      EV: 13    Int: 19    God:
Gold:   112        SH:  0    Dex: 15    Spells: 3/14 levels left

rFire   + . .        m - +2 dagger (flame)
rCold   + . .        (no shield)
rNeg    . . .        b - +0 robe
rPois   +            (no helmet)
rElec   +            (cloak unavailable)
rCorr   +            (no gloves)
SInv    .            f - +0 pair of boots
Will    .....        (no amulet)
Stlth   ++++         P - ring of poison resistance
HPRegen 0.29/turn    (no ring)
MPRegen 0.13/turn

%: no passive effects
@: resistant
A: thin skeletal structure 1, demonic guardian 1, weakness stinger 3
a: no special abilities


You were on level 8 of the Dungeon.
You visited 1 branch of the dungeon, and saw 6 of its levels.

You collected 196 gold pieces.
You spent 84 gold pieces at shops.


Innate Abilities, Weirdness & Mutations

You have a somewhat thin skeletal structure. (Dex +2, Stealth+)
A weak demonic guardian rushes to your aid.
You have a sharp stinger which inflicts weakening toxins.


   Skills:
 + Level 3.0 Fighting
 * Level 4.2 Short Blades
 + Level 3.4 Dodging
 * Level 5.4 Stealth
 + Level 3.5 Spellcasting
 + Level 4.3 Hexes
 * Level 3.8 Ice Magic


You had 3 spell levels left.
You knew the following spells:

 Your Spells              Type           Power      Damage    Failure   Level
a - Ensorcelled Hibernat  Hex/Ice        38%        N/A       4%          2
b - Confusing Touch       Hex            19%        N/A       7%          3
c - Tukima's Dance        Hex            19%        N/A       7%          3
d - Dazzling Flash        Conj/Hex       22%        N/A       19%         3

Your spell library contained the following spells:

 Spells                   Type           Power      Damage    Failure   Level
 Slow                     Hex            76%        N/A       2%          1
 Jinxbite                 Hex            38%        N/A       3%          2
 Sigil of Binding         Hex            19%        N/A       7%          3
 Magic Dart               Conj           12%        1d3       14%         1
 Necrotise                Necr           12%        1d4       14%         1
 Call Imp                 Summ           6%         N/A       22%         2
 Mephitic Cloud           Conj/Pois/Air  3%         N/A       41%         3
 Vampiric Draining        Necr           3%         2d6       41%         3
 Volatile Blastmotes      Fire/Tloc      6%         2d10      41%         3
 Cause Fear               Hex            9%         N/A       24%         4
 Anguish                  Hex/Necr       5%         N/A       52%         4
 Agony                    Necr           3%         N/A       99%         5
 Fireball                 Conj/Fire      1%         3d3       99%         5
 Starburst                Conj/Fire      1%         6d3       100%        6
 Maxwell's Capacitive Co  Air            1%         ∞         100%        8
 Dragon's Call            Summ           1%         N/A       100%        9

Inventory:

Hand Weapons
 a - a +1 dagger
 i - a +0 dagger of freezing
   (You took it off an orc wizard on level 3 of the Dungeon)
 m - a +2 dagger of flaming (weapon)
   (You found it on level 5 of the Dungeon)
 q - a +2 dagger of protection
   (You took it off a goblin on level 3 of the Dungeon)
Missiles
 e - 72 stones
 l - 6 boomerangs
 p - 6 poisoned darts
Armour
 b - a +0 robe (worn)
 f - a +0 pair of boots (worn)
   (You found it on level 1 of the Dungeon)
Jewellery
 P - a ring of poison resistance (left hand)
   (You found it on level 1 of the Dungeon)
Wands
 n - a wand of flame (17)
   (You found it on level 5 of the Dungeon)
Scrolls
 k - a scroll of teleportation {@r4}
 r - a scroll of immolation {!r!r}
 t - a scroll of fog
 v - a scroll of noise {unknown}
Potions
 c - 3 potions of invisibility
 d - a potion of enlightenment
 g - a potion of haste {@q3}
 h - 8 potions of curing {@q1}
 j - 2 potions of might
 o - a potion of brilliance {unknown}
 s - a potion of mutation {!q}

Dungeon Overview and Level Annotations

Branches:
Dungeon (5/15) Zot: 26918
 Temple: D:4-7

Altars:

Shops:
D:4

* ....~...~~..~~.##
................#
................#
##..####$.h.#...# ...#
####...### #.# #h### #.
#T# #h# #@# #.# #.# #.#
## #.###############.
######..............##.
#......................
###################.###
######.# #


You could see a troll, 2 wolves and a hound.


Message History

You closely miss something. Something hits you but does no damage.
You hit something. You burn something.
Reactivating autopickup.
You feel a bit more experienced.
You hit the orc. You burn the orc.
You kill the orc! 😕 HP[+1]
Items here: )))) [[[ †.
l - 6 boomerangs (gained 3)
You see here a +0 hand axe. 😕 HP[+1]
u - a red potion 😕 HP[+3]
You regained 3 hp, and now have 48/57 hp.
You see here a +0 hand axe.
Items here: )))) [[[ †.
A phantom comes into view. 😎 HP[+9]
Your hp is fully restored (57).
A phantom is nearby!
The helpless phantom fails to defend itself.
You stick the phantom like a pincushion!!!
You burn the phantom!
You destroy the phantom!
Your Fighting skill increases to level 3! 😎 HP[+1]
You now have 58 max hp (+1).
Your hp is fully restored (58).
No target in view!
No target in view!
v - a scroll labelled UKOCAU EMIH
Found a stone staircase leading up.
There is a stone staircase leading down here.
There is a stone staircase leading down here.
An adder comes into view.
An adder is nearby!
An adder is nearby!
An adder is nearby!
A malevolent force fills the Dungeon...
You fall into a shaft and drop 3 floors!
The shaft crumbles and collapses.
Found a stone staircase leading up.
No target in view!
No target in view!
There is a stone staircase leading up here.
You now have 112 gold pieces (gained 7).
A troll comes into view.
A troll is nearby!
An electric eel comes into view.
A hound and a wolf come into view.
The electric eel shoots out a bolt of lightning at you!
The bolt of electricity hits you!
The wolf howls! 😕 HP[-7]
You take 7 damage, and now have 51/58 hp.
You hear a bark! x2
A wolf comes into view.
A hound comes into view.
The electric eel shoots out a bolt of lightning at you!
The bolt of electricity misses you. The troll closely misses you.
The troll misses you.
The troll claws you but does no damage. 😕 HP[+1]
You enter the shallow water.
Moving in this stuff is going to be slow.
The electric eel shoots out a bolt of lightning at you!
The bolt of electricity hits you!
A demonic guardian appears! 😮 HP[-11]
You take 11 damage, and now have 41/58 hp.
A hound comes into view.
The electric eel shoots out a bolt of lightning at you!
The bolt of electricity misses you.
Your ufetubus hits the troll. x2
Your ufetubus misses the troll.
Your ufetubus hits the troll but does no damage.
The electric eel shoots out a bolt of lightning at you!
The bolt of electricity hits you! The troll bites your ufetubus!
Your ufetubus dies!
Your ufetubus disappears in a puff of smoke!
You hear an angry buzzing noise. 😮 HP[-9]
You take 9 damage, and now have 32/58 hp.
The electric eel shoots out a bolt of lightning at you!
The bolt of electricity misses you.
The electric eel shoots out a bolt of lightning at you!
The bolt of electricity hits you!
* * * LOW HITPOINT WARNING * * *
You hear an angry buzzing noise.
You hear a bark! 😨 HP[-9]
You take 9 damage, and now have 23/58 hp. 😨 HP[+1]
The wolf attacks as it pursues you! The wolf bites you!
* * * LOW HITPOINT WARNING * * *
The wolf bites you!
* * * LOW HITPOINT WARNING * * *
😱 HP[-18]
You take 18 damage, and now have 6/58 hp.
MASSIVE DAMAGE!! (PAUSE) It was a potion of resistance.
You feel protected. The wolf bites you.
* * * LOW HITPOINT WARNING * * *
The wolf bites you!
You die...

Skill      XL: |  1  2  3  4  5  6  7  8 |
---------------+-------------------------+-----
Short Blades   | 1 2 3 4 |  4.2
Stealth        | 3 4 5 |  5.4
Dodging        | 2 3 |  3.4
Fighting       | 1 2 3 |  3.0
Ice Magic      | 1 2 3 |  3.8
Spellcasting   | 3 |  3.5
Hexes          | 4 |  4.3

Action                     |  1- 3 |  4- 6 |  7- 9 || total
---------------------------+-------+-------+-------++-------
  Melee: Dagger            |   154 |   108 |   102 ||   364
         Tailslap          |    12 |    12 |     8 ||    32
         Punch             |     2 |     1 |     1 ||     4
   Cast: Ensorcelled Hiber |     8 |    15 |    14 ||    37
         Confusing Touch   |       |       |     3 ||     3
    Use: Scroll            |     6 |     6 |     3 ||    15
         Potion            |       |       |     2 ||     2
   Stab: Sleeping          |    12 |    20 |    11 ||    43
         Confused          |       |       |     2 ||     2
 Armour: Robe              |    55 |    60 |    68 ||   183
  Dodge: Dodged            |   114 |    58 |    59 ||   231

Levels and vault maps discovered:
D:1:      sevenhm_arrival_forest_fort_small_6, layout_basic
D:2:      layout_basic
D:3:      layout_basic
D:4:      layout_cave_pods, serial_shops, shop, minmay_hedge_maze,
          uniq_blork_the_orc, uniq_natasha
D:5:      layout_cave_pods, serial_shops, kennysheep_mini_moat, st_stairs_12,
          minmay_misc_feat_roman, uniq_ijyb, uniq_menkaure, uniq_edmund
D:8:      layout_loops_ring, erik_lair_island, kennysheep_generic_room_16

Notes
Turn   | Place    | Note
-------+----------+-------------------------------------------
     0 | D:1      | kae the Demonspawn Enchanter began the quest for the Orb.
     0 | D:1      | Reached XP level 1. HP: 13/13 MP: 3/3
     0 | D:1      | magus.rc [v1.11.3]
    55 | D:1      | Reached skill level 1 in Short Blades
   160 | D:1      | Gained mutation: You have a small tail. [demonic ancestry]
   160 | D:1      | Reached XP level 2. HP: 15/19 MP: 5/5
   181 | D:1      | Reached skill level 3 in Stealth
   250 | D:1      | Learned a level 2 spell: Ensorcelled Hibernation
   296 | D:1      | Reached skill level 2 in Dodging
   421 | D:1      | Gained mutation: You have a somewhat thin skeletal
                  | structure. (Dex +2, Stealth+) [demonic ancestry]
   421 | D:1      | Reached XP level 3. HP: 25/25 MP: 6/6
   846 | D:1      | Learned a level 3 spell: Confusing Touch
  1188 | D:2      | You pick up a book of Dreams and begin reading...
  1188 | D:2      | You add the spells Jinxbite and Anguish to your library.
  1223 | D:2      | Gained mutation: A weak demonic guardian rushes to your
                  | aid. [demonic ancestry]
  1223 | D:2      | Reached XP level 4. HP: 31/31 MP: 7/7
  1291 | D:2      | You pick up a book of Necromancy and begin reading...
  1291 | D:2      | You add the spells Necrotise, Vampiric Draining and Agony
                  | to your library.
  1437 | D:2      | Reached skill level 1 in Fighting
  1830 | D:3      | Reached skill level 1 in Ice Magic
  1835 | D:3      | Reached skill level 2 in Short Blades
  1922 | D:3      | You pick up a book of Debilitation and begin reading...
  1922 | D:3      | You add the spells Slow and Sigil of Binding to your
                  | library.
  2025 | D:3      | Gained mutation: You have a tail ending in a sharp stinger.
                  | [demonic ancestry]
  2025 | D:3      | Reached XP level 5. HP: 34/37 MP: 3/8
  2091 | D:3      | HP: 9/37 [orc/+0 trident (8)]
  2958 | D:4      | Noticed Blork the orc
  2960 | D:4      | Found Qiroutot's General Store.
  2960 | D:4      | Noticed Natasha
  2966 | D:4      | Killed Blork the orc
  2967 | D:4      | Reached XP level 6. HP: 43/43 MP: 4/9
  2972 | D:4      | Killed Natasha
  2973 | D:4      | Reached skill level 4 in Stealth
  2974 | D:4      | Reached skill level 2 in Ice Magic
  3032 | D:4      | You pick up a book of the Dragon and begin reading...
  3032 | D:4      | You add the spells Cause Fear, Fireball and Dragon's Call
                  | to your library.
  3046 | D:4      | Bought 3 scrolls of identify for 84 gold pieces
  3106 | D:4      | magus.rc [v1.11.3]
  3299 | D:4      | Noticed Natasha
  3312 | D:4      | Killed Natasha
  3313 | D:4      | Reached skill level 2 in Fighting
  3313 | D:4      | Reached skill level 3 in Short Blades
  3412 | D:4      | Reached XP level 7. HP: 50/50 MP: 11/11
  3675 | D:4      | Noticed Natasha
  4018 | D:4      | Killed Natasha
  4077 | D:5      | Entered Level 5 of the Dungeon
  4084 | D:5      | Learned a level 3 spell: Tukima's Dance
  4088 | D:5      | Learned a level 3 spell: Dazzling Flash
  4103 | D:5      | Reached skill level 3 in Spellcasting
  4106 | D:5      | Noticed Menkaure
  4132 | D:5      | HP: 10/50 [??? (8)]
  4137 | D:5      | HP: 5/75 [??? (3)]
  4138 | D:5      | Killed Menkaure
  4139 | D:5      | Reached skill level 3 in Dodging
  4139 | D:5      | Reached skill level 4 in Hexes
  4139 | D:5      | Reached skill level 3 in Ice Magic
  4317 | D:5      | You pick up a book of Spectacle and begin reading...
  4317 | D:5      | You add the spells Volatile Blastmotes, Starburst and
                  | Maxwell's Capacitive Coupling to your library.
  4444 | D:5      | Reached skill level 5 in Stealth
  4546 | D:5      | Gained mutation: You have a sharp stinger which inflicts
                  | weakening toxins. [demonic ancestry]
  4546 | D:5      | Reached XP level 8. HP: 57/57 MP: 8/12
  4640 | D:5      | You pick up a book of Minor Magic and begin reading...
  4640 | D:5      | You add the spells Magic Dart, Call Imp and Mephitic Cloud
                  | to your library.
  4753 | D:5      | Noticed Edmund
  4765 | D:5      | Killed Edmund
  4766 | D:5      | Reached skill level 4 in Short Blades
  5174 | D:5      | Reached skill level 3 in Fighting
  5247 | D:5      | You fall into a shaft and drop 3 floors!
  5311 | D:8      | Noticed a troll
  5326 | D:8      | HP: 6/58 [wolf (9)]
  5327 | D:8      | Slain by a wolf

Vanquished Creatures
  Edmund (D:5)
  Menkaure (D:5)
  An ogre (D:4)
  3 phantoms (D:5)
  Blork the orc (D:4)
  A scorpion (D:4)
  An orc priest (D:4)
  2 jellies (D:5)
  A hound (D:4)
  6 orc wizards
  Natasha (thrice) (D:4)
  4 iguanas (D:5)
  8 adders
  A worm (D:5)
  3 dart slugs
  7 orcs
  7 bats
  5 endoplasms
  2 giant cockroaches
  5 goblins
  4 hobgoblins
  4 jackals (D:1)
  4 quokkas
  4 ball pythons
  3 frilled lizards (D:1)
  14 kobolds
  8 rats
104 creatures vanquished.

Vanquished Creatures (collateral kills)
  A black bear (D:5)
  A hound (D:5)
  4 orcs (D:3)
6 creatures vanquished.

Grand Total: 110 creatures vanquished

Table legend:
 A = Non-vault XP
 B = Vault XP
 C = Vault XP percentage of total XP
 D = Non-vault monster count
 E = Vault monster count
 F = Vault count percentage of total count
                 A         B        C        D         E       F
            +---------+---------+-------+---------+---------+-------
      Total |    1381 |     628 |  31.3 |     103 |       7 |   6.4
            +---------+---------+-------+---------+---------+-------
        D:1 |      57 |       0 |   0.0 |      33 |       0 |   0.0
        D:2 |      63 |       0 |   0.0 |      18 |       0 |   0.0
        D:3 |     116 |       0 |   0.0 |      18 |       0 |   0.0
        D:4 |     468 |     135 |  22.4 |      16 |       2 |  11.1
        D:5 |     677 |     493 |  42.1 |      18 |       5 |  21.7
            +---------+---------+-------+---------+---------+-------

Skill      XL: |  1  2  3  4  5  6  7  8 |
---------------+-------------------------+-----
Short Blades   | 1 2 3 4 |  4.2
Stealth        | 3 4 5 |  5.4
Dodging        | 2 3 |  3.4
Fighting       | 1 2 3 |  3.0
Ice Magic      | 1 2 3 |  3.8
Spellcasting   | 3 |  3.5
Hexes          | 4 |  4.3

Action                     |  1- 3 |  4- 6 |  7- 9 || total
---------------------------+-------+-------+-------++-------
  Melee: Dagger            |   154 |   108 |   102 ||   364
         Tailslap          |    12 |    12 |     8 ||    32
         Punch             |     2 |     1 |     1 ||     4
   Cast: Ensorcelled Hiber |     8 |    15 |    14 ||    37
         Confusing Touch   |       |       |     3 ||     3
    Use: Scroll            |     6 |     6 |     3 ||    15
         Potion            |       |       |     2 ||     2
   Stab: Sleeping          |    12 |    20 |    11 ||    43
         Confused          |       |       |     2 ||     2
 Armour: Robe              |    55 |    60 |    68 ||   183
  Dodge: Dodged            |   114 |    58 |    59 ||   231

Illustrated notes

Table legend:
 A = Kills in this place as a percentage of kills in the entire game.
 B = Kills by you in this place as a percentage of kills by you in the entire game.
 C = Kills by friends in this place as a percentage of kills by friends in the entire game.
 D = Other kills in this place as a percentage of other kills in the entire game.
 E = Experience gained in this place as a percentage of experience gained in the entire game.
 F = Experience gained in this place divided by the number of levels of this place that you have seen.
                   A       B       C       D       E      F
               +-------+-------+-------+-------+-------+----------------------
         Total | 100.0 | 100.0 | 100.0 |   N/A | 100.0 | 334.8
       Dungeon | 100.0 | 100.0 | 100.0 |   N/A | 100.0 | 334.8
               +-------+-------+-------+-------+-------+----------------------

Table legend: (Time is in decaauts)
 A = Elapsed time spent in this place.
 B = Non-inter-level travel time spent in this place.
 C = Inter-level travel time spent in this place.
 D = Time resting spent in this place.
 E = Time spent auto-exploring this place.
 F = Levels seen in this place.
 G = Mean time per level.
                   A        B        C        D        E       F      G
               +--------+--------+--------+--------+--------+-----+--------+
         Total |   5306 |   5189 |    117 |    521 |   3732 |   6 |  884.3 |
       Dungeon |   5306 |   5189 |    117 |    521 |   3732 |   6 |  884.3 |
               +--------+--------+--------+--------+--------+-----+--------+

Top non-repeatable levels by time:
     D:4: 1573 daAuts
     D:5: 1013 daAuts
     D:2: 956 daAuts
     D:1: 842 daAuts
     D:3: 841 daAuts
     D:8: 80 daAuts
